 Dungeon Crawl Stone Soup version 0.31-a0-175-g9f7f995f2b (webtiles) character file.

Game seed: 4294678460175501578

593 qw the Shooter (level 7, -2/64 HPs)
             Began as a Naga Hunter on June 16, 2023.
             Slain by a white imp (3 damage)
             ... on level 5 of the Dungeon.
             The game lasted 00:01:14 (3771 turns).

qw the Shooter (Naga Hunter)                        Turns: 3771, Time: 00:01:15

Health: -2/64      AC:  5    Str: 13    XL:     7   Next: 39%
Magic:  0/7        EV: 10    Int:  9    God:
Gold:   202        SH:  0    Dex: 17    Spells: 6/6 levels left

rFire   . . .        h - +0 orcbow
rCold   . . .        (shield currently unavailable)
rNeg    . . .        c - +0 leather armour
rPois   +            (no helmet)
rElec   .            a - +0 cloak
rCorr   .            i - +0 pair of gloves
SInv    +            (no barding)
Will    .....        f - amulet "Ipnefroluj" {Spirit rPois}
Stlth   ++           (no ring)
HPRegen 0.30/turn    (no ring)
MPRegen 0.10/turn

%: guardian spirit
@: very slow
A: AC +2, large, see invisible, deformed body, poison resistance, slowness 2,
spit poison 1, naga tail 1
a: Spit Poison


You were on level 5 of the Dungeon.
You visited 1 branch of the dungeon, and saw 5 of its levels.

You collected 202 gold pieces.


Innate Abilities, Weirdness & Mutations

Your serpentine skin is tough. (AC +2)
You have supernaturally acute eyesight. (SInv)
Armour fits poorly on your strangely shaped body.
Your system is resistant to poisons. (rPois)
You cover ground very slowly.
You can spit poison.
You have a snake-like lower body.


   Skills:
 - Level 4.0 Fighting
 - Level 7.0 Ranged Weapons
 + Level 0.4 Armour
 - Level 2.0 Dodging
 - Level 1.5 Stealth


You had 6 spell levels left.
You didn't know any spells.
Your spell library was empty.

Inventory:

Hand Weapons
 h - a +0 orcbow (weapon)
Armour
 a - a +0 cloak (worn)
 c - a +0 leather armour (worn)
 i - a +0 pair of gloves (worn)
Jewellery
 f - the amulet "Ipnefroluj" (around neck) {Spirit rPois}
   (You found it on level 3 of the Dungeon)

   [amulet of guardian spirit]

   It causes incoming damage to be divided between your reserves of health and
   magic.
   rPois:     It protects you from poison.
 g - a ring of fire
Scrolls
 d - 3 scrolls of identify
Potions
 b - a potion of brilliance {unknown}
 e - a potion of mutation

Dungeon Overview and Level Annotations

Branches:
Dungeon (5/15)
 Temple: D:4-7

Altars:
Elyvilon
Fedhas
Kikubaaqudgha
Nemelex Xobeh
Sif Muna
Xom
Yredelemnul


Message History

You shoot an arrow.
The arrow barely misses the steam dragon.
A white imp comes into view.
You shoot an arrow. The white imp shouts!
The arrow hits the steam dragon.
The steam dragon is heavily wounded.
You have got your breath back.
The steam dragon bites you. The steam dragon claws you.
3767 ||| INVOKING Spit Poison.
Aiming: Spit Poison (1% risk of failure)
Press: ? - help, Shift-Dir - straight line, f/p - steam dragon The splash of poison hits the steam dragon.
The steam dragon is poisoned.
The steam dragon is severely wounded.
The steam dragon breathes steam at you. The ball of steam hits you!!
You shoot an arrow.
The arrow barely misses the steam dragon.
You are engulfed in a cloud of scalding steam.
The steam dragon bites you.
The steam dragon claws you but does no damage.
You shoot an arrow.
The arrow closely misses the steam dragon.
You are engulfed in a cloud of scalding steam.
The steam dragon bites you!
The steam dragon claws you but does no damage.
The steam dragon bites you! The steam dragon claws you.
You shoot an arrow.
The arrow closely misses the steam dragon.
You are engulfed in a cloud of scalding steam.
The steam dragon barely misses you. x2
You shoot an arrow.
The arrow hits the steam dragon but does no damage.
The steam dragon is severely wounded.
You have got your breath back.
The steam dragon barely misses you. The steam dragon claws you.
The white imp is engulfed in a cloud of scalding steam.
The white imp hits you. The white imp freezes you.
You die...

.###.##.....#.........#
.......................
.###.............#:......
.###...............##....
.##................# ....
..#..........###..###...
.............# #..#.....
.............###¤5..#
.............¤¤.@D..#
)...#..##....####.###
.......#...#.####.##
...........>.......#
.........###.#....##
.........###..##...##
..#..#....##..##....#
....##....##..##....##
....#.....###.#......#


You could see a steam dragon (poisoned) and a white imp.

Vanquished Creatures
  Menkaure (D:5)
  2 scorpions
  A jelly (D:4)
  2 hounds
  4 iguanas (D:4)
  6 adders
  A shadow imp (D:5)
  2 dart slugs (D:4)
  An orc (D:3)
  2 bats (D:2)
  4 endoplasms
  2 giant cockroaches
  3 hobgoblins (D:3)
  11 jackals
  8 quokkas
  3 ball pythons
  5 frilled lizards
  8 goblins
  5 kobolds
  6 rats
77 creatures vanquished.

Notes
Turn   | Place    | Note
-------+----------+-------------------------------------------
     0 | D:1      | qw the Naga Hunter began the quest for the Orb.
     0 | D:1      | Reached XP level 1. HP: 19/19 MP: 1/1
     0 | D:1      | 0 ||| qw: Version: 0.2-a-29-g511e9b1
     0 | D:1      | 0 ||| qw: Game counter: 56
     0 | D:1      | 0 ||| qw: Always use a shield: true
     0 | D:1      | 0 ||| qw: God list: Okawaru
     0 | D:1      | 0 ||| qw: Allow faded altars: false
     0 | D:1      | 0 ||| qw: Do Orc after D:15 true
     0 | D:1      | 0 ||| qw: Do second Lair branch before Depths: true
     0 | D:1      | 0 ||| qw: Lair rune preference: random
     0 | D:1      | 0 ||| qw: Plans: Normal
     0 | D:1      | 0 ||| PLANNING D:1-11
    17 | D:1      | 17 ||| INVOKING Spit Poison.
    20 | D:1      | 20 ||| INVOKING Spit Poison.
    24 | D:1      | 24 ||| INVOKING Spit Poison.
    39 | D:1      | 39 ||| INVOKING Spit Poison.
    48 | D:1      | 48 ||| INVOKING Spit Poison.
    54 | D:1      | 54 ||| INVOKING Spit Poison.
    58 | D:1      | HP: 4/19 [jackal (1)]
    60 | D:1      | 60 ||| INVOKING Spit Poison.
    64 | D:1      | Reached skill level 4 in Ranged Weapons
    64 | D:1      | Reached XP level 2. HP: 6/26 MP: 2/2
   105 | D:1      | 105 ||| INVOKING Spit Poison.
   208 | D:1      | 208 ||| INVOKING Spit Poison.
   350 | D:1      | 350 ||| INVOKING Spit Poison.
   354 | D:1      | 354 ||| INVOKING Spit Poison.
   357 | D:1      | 357 ||| INVOKING Spit Poison.
   364 | D:1      | 364 ||| INVOKING Spit Poison.
   381 | D:1      | 381 ||| INVOKING Spit Poison.
   394 | D:1      | 394 ||| INVOKING Spit Poison.
   400 | D:1      | 400 ||| INVOKING Spit Poison.
   445 | D:1      | 445 ||| INVOKING Spit Poison.
   450 | D:1      | 450 ||| INVOKING Spit Poison.
   502 | D:1      | Found a faded altar of an unknown god.
   548 | D:1      | 548 ||| INVOKING Spit Poison.
   549 | D:1      | Reached XP level 3. HP: 32/32 MP: 3/3
   687 | D:1      | 687 ||| INVOKING Spit Poison.
   692 | D:1      | 692 ||| INVOKING Spit Poison.
   719 | D:1      | 719 ||| INVOKING Spit Poison.
   858 | D:1      | 858 ||| READING scroll labelled GAESOO SIMA.
   859 | D:1      | 859 ||| DROPPING scroll of butterflies.
   885 | D:2      | 885 ||| INVOKING Spit Poison.
   915 | D:2      | 915 ||| INVOKING Spit Poison.
   921 | D:2      | 921 ||| INVOKING Spit Poison.
   925 | D:2      | 925 ||| INVOKING Spit Poison.
   929 | D:2      | 929 ||| INVOKING Spit Poison.
  1056 | D:2      | 1056 ||| INVOKING Spit Poison.
  1144 | D:2      | 1144 ||| INVOKING Spit Poison.
  1193 | D:2      | 1193 ||| INVOKING Spit Poison.
  1226 | D:2      | 1226 ||| INVOKING Spit Poison.
  1248 | D:2      | 1248 ||| INVOKING Spit Poison.
  1354 | D:2      | 1354 ||| INVOKING Spit Poison.
  1463 | D:2      | 1463 ||| READING scroll labelled BUAMUTW DUFF.
  1464 | D:2      | 1464 ||| READING 3 scrolls labelled ONWUSO NOPELE.
  1465 | D:2      | 1465 ||| READING 2 scrolls of identify.
  1465 | D:2      | 1465 ||| IDENTIFYING green potion
  1490 | D:3      | 1490 ||| INVOKING Spit Poison.
  1494 | D:3      | Reached skill level 5 in Ranged Weapons
  1513 | D:3      | 1513 ||| INVOKING Spit Poison.
  1515 | D:3      | Reached XP level 4. HP: 39/39 MP: 4/4
  1519 | D:3      | 1519 ||| INVOKING Spit Poison.
  1523 | D:3      | 1523 ||| INVOKING Spit Poison.
  1573 | D:3      | 1573 ||| INVOKING Spit Poison.
  1625 | D:3      | 1625 ||| INVOKING Spit Poison.
  1660 | D:3      | 1660 ||| INVOKING Spit Poison.
  1680 | D:3      | 1680 ||| INVOKING Spit Poison.
  1700 | D:3      | 1700 ||| INVOKING Spit Poison.
  1722 | D:3      | Identified the amulet "Ipnefroluj" {Spirit rPois}
  1734 | D:3      | 1734 ||| INVOKING Spit Poison.
  1737 | D:3      | 1737 ||| INVOKING Spit Poison.
  1740 | D:3      | 1740 ||| INVOKING Spit Poison.
  1778 | D:3      | 1778 ||| INVOKING Spit Poison.
  1835 | D:3      | Found a shimmering blue altar of Sif Muna.
  2069 | D:3      | 2069 ||| INVOKING Spit Poison.
  2162 | D:3      | 2162 ||| UPGRADING to amulet "Ipnefroluj" {Spirit rPois}.
  2167 | D:3      | 2167 ||| DROPPING ring of wizardry.
  2168 | D:3      | 2168 ||| READING scroll labelled OMI DIRCHEACH.
  2169 | D:3      | 2169 ||| READING 4 scrolls of identify.
  2169 | D:3      | 2169 ||| IDENTIFYING smoky emerald potion
  2170 | D:3      | 2170 ||| READING 3 scrolls of identify.
  2170 | D:3      | 2170 ||| IDENTIFYING bubbling green potion
  2280 | D:4      | 2280 ||| INVOKING Spit Poison.
  2282 | D:4      | Reached skill level 3 in Fighting
  2282 | D:4      | Reached XP level 5. HP: 49/49 MP: 5/5
  2397 | D:4      | 2397 ||| INVOKING Spit Poison.
  2404 | D:4      | 2404 ||| INVOKING Spit Poison.
  2407 | D:4      | 2407 ||| INVOKING Spit Poison.
  2413 | D:4      | HP: 12/49 [poisoned by a scorpion]
  2587 | D:4      | Found a shimmering altar of Xom.
  2590 | D:4      | Found a shimmering blue altar of Sif Muna.
  2590 | D:4      | Found a blossoming altar of Fedhas.
  2592 | D:4      | Found a basalt altar of Yredelemnul.
  2592 | D:4      | Found a sparkling altar of Nemelex Xobeh.
  2592 | D:4      | Found a shimmering altar of Xom.
  2637 | D:4      | 2637 ||| INVOKING Spit Poison.
  2655 | D:4      | 2655 ||| INVOKING Spit Poison.
  2660 | D:4      | 2660 ||| INVOKING Spit Poison.
  2738 | D:4      | 2738 ||| INVOKING Spit Poison.
  2774 | D:4      | 2774 ||| INVOKING Spit Poison.
  2777 | D:4      | 2777 ||| INVOKING Spit Poison.
  2781 | D:4      | Reached XP level 6. HP: 32/56 MP: 2/6
  2938 | D:4      | 2938 ||| INVOKING Spit Poison.
  2943 | D:4      | 2943 ||| INVOKING Spit Poison.
  2948 | D:4      | Reached skill level 6 in Ranged Weapons
  3087 | D:4      | 3087 ||| INVOKING Spit Poison.
  3141 | D:4      | HP: 14/56 [acid (9)]
  3142 | D:4      | 3142 ||| DRINKING potion of cancellation.
  3143 | D:4      | 3143 ||| DRINKING potion of heal wounds.
  3146 | D:4      | HP: 11/56 [acid (11)]
  3308 | D:4      | Found an ancient bone altar of Kikubaaqudgha.
  3362 | D:4      | 3362 ||| INVOKING Spit Poison.
  3408 | D:4      | 3408 ||| UPGRADING to +0 cloak.
  3413 | D:4      | 3413 ||| UPGRADING to +0 pair of gloves.
  3421 | D:5      | Entered Level 5 of the Dungeon
  3466 | D:5      | 3466 ||| INVOKING Spit Poison.
  3470 | D:5      | 3470 ||| INVOKING Spit Poison.
  3476 | D:5      | Noticed Menkaure
  3481 | D:5      | 3481 ||| INVOKING Spit Poison.
  3482 | D:5      | Killed Menkaure
  3483 | D:5      | Reached XP level 7. HP: 61/64 MP: 5/7
  3485 | D:5      | 3485 ||| INVOKING Spit Poison.
  3498 | D:5      | 3498 ||| INVOKING Spit Poison.
  3505 | D:5      | 3505 ||| INVOKING Spit Poison.
  3509 | D:5      | Reached skill level 7 in Ranged Weapons
  3511 | D:5      | 3511 ||| INVOKING Spit Poison.
  3589 | D:5      | Found a white marble altar of Elyvilon.
  3712 | D:5      | 3712 ||| UPGRADING to +0 orcbow.
  3713 | D:5      | 3713 ||| DROPPING +1 shortbow.
  3721 | D:5      | Identified the +11 hand axe of Xaicag {venom, *Rage rF+
                  | Dex+5}
  3759 | D:5      | Noticed a steam dragon
  3761 | D:5      | 3761 ||| INVOKING Spit Poison.
  3763 | D:5      | 3763 ||| Stepping ~*~*~tactically~*~*~ (cloud).
  3767 | D:5      | 3767 ||| INVOKING Spit Poison.
  3769 | D:5      | HP: 15/64 [steam dragon (7)]
  3769 | D:5      | HP: 7/64 [steam dragon (1)]
  3770 | D:5      | HP: 3/64 [steam dragon] (4)]
  3771 | D:5      | HP: 1/64 [steam dragon (2)]
  3771 | D:5      | Slain by a white imp

Levels and vault maps discovered:
D:1:      ebering_trefoil_twist, layout_loops_ring,
          hellmonk_ecumenical_altar_run_dry
D:2:      layout_loops_cross, serial_bayou_pond_d, solitary_fountain
D:3:      layout_loops_ring, mainiacjoe_overflow_alcove_2, serial_park_tiny_2
D:4:      layout_gridville, mainiacjoe_overflow_alcove_4, doesnt_xom_only_xom
D:5:      layout_cave_pools, mainiacjoe_overflow_24_doors,
          uniq_crazy_yiuf_cottage, uniq_menkaure

Skill      XL: |  1  2  3  4  5  6  7 |
---------------+----------------------+-----
Ranged Weapons | 4 5 6 7 |  7.0
Fighting       | 3 4 |  4.0
Dodging        | 2 |  2.0
Armour         | |  0.4
Stealth        | |  1.5

Action                     |  1- 3 |  4- 6 |  7- 9 || total
---------------------------+-------+-------+-------++-------
   Fire: Shortbow          |    84 |    92 |    19 ||   195
         Orcbow            |       |       |     9 ||     9
Ability: Spit Poison       |    35 |    29 |     6 ||    70
    Use: Scroll            |     4 |     3 |       ||     7
         Potion            |       |     2 |       ||     2
 Armour: Leather armour    |    10 |     9 |     6 ||    25
  Dodge: Dodged            |    24 |    20 |     7 ||    51

Table legend:
 A = Non-vault XP
 B = Vault XP
 C = Vault XP percentage of total XP
 D = Non-vault monster count
 E = Vault monster count
 F = Vault count percentage of total count
                 A         B        C        D         E       F
            +---------+---------+-------+---------+---------+-------
      Total |     665 |     183 |  21.6 |      76 |       1 |   1.3
            +---------+---------+-------+---------+---------+-------
        D:1 |      45 |       0 |   0.0 |      29 |       0 |   0.0
        D:2 |      33 |       0 |   0.0 |      12 |       0 |   0.0
        D:3 |      54 |       0 |   0.0 |      17 |       0 |   0.0
        D:4 |     371 |       0 |   0.0 |      13 |       0 |   0.0
        D:5 |     162 |     183 |  53.0 |       5 |       1 |  16.7
            +---------+---------+-------+---------+---------+-------
